 Dungeon Crawl Stone Soup version 0.19.5 (webtiles) character file.

25 tidbits the Skirmisher (level 2, 0/21 HPs)
             Began as a High Elf Wanderer on Oct 30, 2017.
             Slain by a worm (5 damage)
             ... on level 2 of the Dungeon.
             The game lasted 00:04:08 (649 turns).

tidbits the Skirmisher (High Elf Wanderer)           Turns: 649, Time: 00:04:09

Health: 0/21       AC:  8    Str: 11    XL:     2   Next: 86%
Magic:  3/3        EV:  9    Int: 16    God:
Gold:   108        SH:  0    Dex: 13    Spells: 0 memorised, 1 level left

rFire  . . .     SeeInvis .     a - +0 hand axe
rCold  . . .     Gourm    .     B - +2 scale mail
rNeg   . . .     Faith    .     (no shield)
rPois  .         Spirit   .     (no helmet)
rElec  .         Reflect  .     (no cloak)
rCorr  .         Harm     .     (no gloves)
MR     .....                    (no boots)
Stlth  ..........               (no amulet)
                                (no ring)
                                (no ring)

@: no status effects
A: no striking features
a: no special abilities


You were on level 2 of the Dungeon.
You were not hungry.

You visited 1 branch of the dungeon, and saw 3 of its levels.

You collected 108 gold pieces.

Inventory:

Hand Weapons
 a - a +0 hand axe (weapon)
 f - a +0 short sword
   (You took it off a kobold on level 1 of the Dungeon)
Missiles
 g - 13 stones (quivered)
 j - 16 sling bullets
Armour
 B - a +2 scale mail (worn)
Scrolls
 b - 2 scrolls of enchant armour {unknown}
 d - 4 scrolls of teleportation
 e - 2 scrolls of identify {unknown}
 h - a scroll of immolation {unknown}
 i - a scroll of blinking {unknown}
 l - a scroll of remove curse {unknown}
Comestibles
 c - 3 bread rations
 k - 2 meat rations
 m - a beef jerky


   Skills:
 + Level 3.6 Fighting
 - Level 1.5 Axes
   Level 1.0 Staves
 - Level 1.7 Armour
 + Level 1.9 Dodging
 - Level 1.1 Stealth
   Level 1.0 Shields


You had one spell level left.
You didn't know any spells.

Dungeon Overview and Level Annotations

Branches:
Dungeon (3/15)

Altars:

Annotations:
D:3 tidbits's ghost, weakling HEWn


Message History

You see here 10 gold pieces.
You now have 97 gold pieces (gained 10).
There is an open door here.
You open the door.
Found 11 gold pieces.
There is an open door here.
You see here 11 gold pieces.
You now have 108 gold pieces (gained 11).
There is an open door here.
There is a stone staircase leading up here.
There is a stone staircase leading down here.
You climb downwards.
There is a stone staircase leading up here.
Found 2 scrolls labeled GUHEIW UCKAUNN.
You see here a beef jerky.
m - a beef jerky Tidbits's ghost (weakling High Elf Wanderer) comes into view.
Tidbits's ghost turns its malevolent gaze towards you.
You aren't carrying any potions.
Unknown command.
Okay, then.
There is a stone staircase leading up here.
You climb upwards.
There is a stone staircase leading down here.
Found a scroll labeled GUHEIW UCKAUNN.
You see here a scroll labeled GUHEIW UCKAUNN.
e - 2 scrolls labeled GUHEIW UCKAUNN (gained 1)
You open the door.
A giant cockroach comes into view.
Found 12 stones and a robe.
A frilled lizard comes into view.
The frilled lizard hisses angrily.
There is an open door here.
You hit the giant cockroach.
The giant cockroach is severely wounded.
The giant cockroach barely misses you.
You closely miss the giant cockroach.
The giant cockroach is severely wounded.
The giant cockroach bites you but does no damage. x2
You closely miss the giant cockroach.
The giant cockroach is severely wounded.
The giant cockroach bites you but does no damage.
You hit the giant cockroach.
You kill the giant cockroach!
You closely miss the frilled lizard.
The frilled lizard bites you but does no damage.
Your scale mail prevents you from hitting the frilled lizard.
The frilled lizard barely misses you.
You miss the frilled lizard.
The frilled lizard bites you but does no damage.
The frilled lizard barely misses you.
You closely miss the frilled lizard.
The frilled lizard bites you but does no damage.
You closely miss the frilled lizard.
The frilled lizard bites you but does no damage.
You hit the frilled lizard.
You kill the frilled lizard!
Found 2 scrolls of teleportation.
You see here a giant cockroach corpse.
You open the door.
Found a leather armour.
There is an open door here.
You see here 2 scrolls of teleportation.
d - 3 scrolls of teleportation (gained 2)
Found a bread ration and a scroll of teleportation.
You see here a bread ration.
c - 3 bread rations (gained 1)
You see here a scroll of teleportation.
d - 4 scrolls of teleportation (gained 1)
You see here a leather armour.
There is an open door here.
You open the door. 2 jackals and a worm come into view.
The jackal barks! x2 2 jackals come into view.
The jackal barks! x2
Found a scroll labeled BUYPIASTR ERHIMAFF.
There is an open door here.
You hit the worm.
The worm is moderately wounded.
The worm barely misses you.
You hit the worm but do no damage.
The worm is moderately wounded.
The worm bites you but does no damage.
You hit the worm but do no damage.
The worm is lightly wounded.
The worm bites you.
You completely miss the worm.
The worm is lightly wounded.
You hit the worm.
The worm is heavily wounded.
The worm bites you.
You hit the worm.
The worm is severely wounded.
The worm bites you!
* * * LOW HITPOINT WARNING * * *
You barely miss the worm.
The worm is severely wounded.
The worm bites you.
You die... .?... #...# ..... # ... # .# hhh

.. # #.# #h# ####. ## # #.#
#w# #.... .# ###.#### ##@##
#.##. .# ##.....# ##...###.##.
.# ##..##.# ##.....##.##.###.#
##..##.## ##.......#.##...#.#
##..#...####..[.......###....#
...........'...(.............#
##......####.........####...##
####.#.## ##†......## #...## #
#.### ##.....## #..#.##


You could see a worm and 4 jackals.

Vanquished Creatures
  An ooze (D:2)
  A giant cockroach (D:2)
  3 goblins (D:1)
  2 hobgoblins (D:1)
  3 kobolds (D:1)
  A bat (D:1)
  3 frilled lizards
  9 rats
23 creatures vanquished.

Notes
Turn   | Place    | Note
-------+----------+-------------------------------------------
     0 | D:1      | tidbits the High Elf Wanderer began the quest for the Orb.
     0 | D:1      | tidbits set off with: a +2 scale mail, a +0 hand axe, a scroll of teleportation, a bread ration
     0 | D:1      | Reached XP level 1. HP: 16/16 MP: 2/2
   120 | D:1      | Reached skill level 1 in Dodging
   133 | D:1      | Reached XP level 2. HP: 14/21 MP: 3/3
   517 | D:3      | Noticed tidbits's ghost (weakling HEWn)
   649 | D:2      | Slain by a worm

Skill      XL: |  1 |
---------------+----+-----
Dodging        | 1 |  1.9
Fighting       | |  3.6
Axes           | |  1.5
Staves         | |  1.0
Armour         | |  1.7
Stealth        | |  1.1
Shields        | |  1.0

Action                   || total
-------------------------++-------
Melee: Hand axe          ||    76
Armor: Scale mail        ||    29
Dodge: Dodged            ||    35

Table legend:
 A = Turns spent in this place as a percentage of turns spent in the entire game.
 B = Non-inter-level travel turns spent in this place as a percentage of non-inter-level travel turns spent in the entire game.
 C = Inter-level travel turns spent in this place as a percentage of turns spent in this place.
 D = Turns resting spent in this place as a percentage of non-inter-level travel turns spent in this place.
 E = Turns spent auto-exploring this place as a percentage of non-inter-level travel turns spent in this place.
 F = Non-inter-level travel turns spent in this place divided by the number of levels of this place that you've seen.
                   A       B       C       D       E      F
               +-------+-------+-------+-------+-------+----------------------
         Total | 100.0 | 100.0 |   0.0 |   0.0 |   0.0 | 200.3
       Dungeon | 100.0 | 100.0 |   0.0 |   0.0 |   0.0 | 200.3
               +-------+-------+-------+-------+-------+----------------------

Table legend:
 A = Kills in this place as a percentage of kills in entire the game.
 B = Kills by you in this place as a percentage of kills by you in the entire game.
 C = Kills by friends in this place as a percentage of kills by friends in the entire game.
 D = Other kills in this place as a percentage of other kills in the entire game.
 E = Experience gained in this place as a percentage of experience gained in the entire game.
 F = Experience gained in this place divided by the number of levels of this place that you have seen.
                   A       B       C       D       E      F
               +-------+-------+-------+-------+-------+----------------------
         Total | 100.0 | 100.0 |  -nan |  -nan | 100.0 |  12.3
       Dungeon | 100.0 | 100.0 |  -nan |  -nan | 100.0 |  12.3
               +-------+-------+-------+-------+-------+----------------------

Vault maps used:
D:1:      dpeg_arrival_tiny_j, minmay_crystal_room
D:2:      minmay_rat_gold_closets
D:3:      first_bread, minmay_vboxes
